 Dungeon Crawl Stone Soup version 0.30-a0-341-g682706514a (webtiles) character file.

Game seed: 1673996465090255984

16 Faman the Conjurer (level 2, -3/20 HPs)
             Began as a Draconian Conjurer on Nov 2, 2022.
             Slain by a gnoll
             ... wielding a +0 whip
              (5 damage)
             ... on level 1 of the Dungeon.
             The game lasted 00:05:27 (1456 turns).

Faman the Conjurer (Draconian Conjurer)             Turns: 1456, Time: 00:05:28

Health: -3/20      AC:  4    Str:  9    XL:     2   Next: 37%
Magic:  1/5        EV:  9    Int: 18    God:
Gold:   16         SH:  0    Dex:  9    Spells: 2/5 levels left

rFire   . . .      SeeInvis .    (no weapon)
rCold   . . .      Faith    .    (no shield)
rNeg    . . .      Spirit   .    (body armour unavailable)
rPois   .          Reflect  .    (helmet restricted)
rElec   .          Harm     .    (no cloak)
rCorr   .          Rampage  .    (no gloves)
Will    .....                    (no boots)
Stlth   ++........               (no amulet)
HPRegen 0.23/turn                (no ring)
MPRegen 0.09/turn                (no ring)

@: constricted
A: AC +4, unfitting armour, cold-blooded
a: no special abilities


You were on level 1 of the Dungeon.
You visited 1 branch of the dungeon, and saw 1 of its levels.

You collected 16 gold pieces.

Inventory:

Missiles
 b - 3 boomerangs
 e - 3 poisoned darts
Potions
 c - 2 potions of curing
 d - a potion of mutation {unknown}


   Skills:
 + Level 1.8 Dodging
 + Level 1.8 Stealth
 + Level 2.1 Spellcasting
 + Level 4.5 Conjurations


You had 2 spell levels left.
You knew the following spells:

 Your Spells              Type           Power      Damage    Failure   Level
a - Magic Dart            Conj           72%        1d6       2%          1
b - Searing Ray           Conj           36%        2d5       4%          2

Your spell library contained the following spells:

 Spells                   Type           Power      Damage    Failure   Level
 Dazzling Flash           Conj/Hex       20%        N/A       22%         3
 Fulminant Prism          Conj/Hex       5%         3d7       56%         4
 Iskenderun's Mystic Bla  Conj/Tloc      10%        2d4       56%         4


Dungeon Overview and Level Annotations

Branches:
Dungeon (1/15)

Altars:


Innate Abilities, Weirdness & Mutations

Your plain brown scales are hard. (AC +4)
You cannot fit into any form of body armour.
You are cold-blooded and may be slowed by cold attacks.


Message History

The giant cockroach is moderately wounded.
The giant cockroach barely misses you. The ball python barely misses you. x2
You don't have enough magic to cast this spell.
You are out of magic!
The ball python barely misses you. The ball python closely misses you.
The giant cockroach closely misses you. Magic courses through your body.
The ball python closely misses you. The ball python barely misses you.
The giant cockroach waves its antennae.
The giant cockroach barely misses you.
Aiming: Searing Ray (safe; 4% risk of failure)
Press: ? - help, Q - select action, (/) - cycle Shift-Dir - straight line, p - giant cockroach The searing ray hits the giant cockroach!
You kill the giant cockroach!
The searing ray misses the gnoll. (Press . to maintain the ray.)
The ball python bites you but does no damage.
The ball python grabs you. The ball python constricts you.
The ball python bites you but does no damage.
The ball python constricts you.
The searing ray hits the gnoll.
The gnoll is lightly wounded.
The ball python barely misses you. The ball python constricts you.
The gnoll hits you with a +0 whip.
The searing ray misses the gnoll.
The ball python closely misses you. The ball python constricts you.
The gnoll hits you with a +0 whip.
The searing ray hits the gnoll.
The gnoll is severely wounded.
You finish channelling your searing ray.
The ball python bites you but does no damage.
The ball python constricts you.
* * * LOW HITPOINT WARNING * * *
The gnoll hits you with a +0 whip.
* * * LOW HITPOINT WARNING * * *
The ball python bites you.
* * * LOW HITPOINT WARNING * * *
The ball python constricts you.
* * * LOW HITPOINT WARNING * * *
The gnoll hits you with a +0 whip.
You die...

##.##
##.##.#.#....
##.###.###.#
.. . ##.#.##
#.# ## ##.##
#.# #.# #.#
#.# #.# #.#
#.# #g#####.#
#@S.....#
###..#### ..#
.# .# #


You could see a gnoll and a ball python.

Vanquished Creatures
  A dart slug (D:1)
  2 endoplasms (D:1)
  A giant cockroach (D:1)
  2 hobgoblins (D:1)
  3 kobolds (D:1)
  A ball python (D:1)
  A bat (D:1)
  A frilled lizard (D:1)
  A rat (D:1)
13 creatures vanquished.

Notes
Turn   | Place    | Note
-------+----------+-------------------------------------------
     0 | D:1      | Faman the Draconian Conjurer began the quest for the Orb.
     0 | D:1      | Reached XP level 1. HP: 14/14 MP: 3/3
   712 | D:1      | Reached XP level 2. HP: 16/20 MP: 0/5
   715 | D:1      | Learned a level 2 spell: Searing Ray
  1456 | D:1      | Slain by a gnoll

Illustrated notes

Levels and vault maps discovered:
D:1:      beargit_arrival_diablo_church, layout_loops_ring,
          basic_ecumenical_altar

Action                   || total
-------------------------++-------
Melee: Unarmed           ||     3
       Tailslap          ||     2
 Cast: Magic Dart        ||    22
       Searing Ray       ||     6
  Use: Potion            ||     3
       Scroll            ||     1
Armor: Skin              ||     5
Dodge: Dodged            ||    34

Table legend: (Time is in decaauts)
 A = Elapsed time spent in this place.
 B = Non-inter-level travel time spent in this place.
 C = Inter-level travel time spent in this place.
 D = Time resting spent in this place.
 E = Time spent auto-exploring this place.
 F = Levels seen in this place.
 G = Mean time per level.
                   A        B        C        D        E       F      G
               +--------+--------+--------+--------+--------+-----+--------+
         Total |   1456 |   1456 |      0 |    932 |     30 |   1 | 1456.0 |
       Dungeon |   1456 |   1456 |      0 |    932 |     30 |   1 | 1456.0 |
               +--------+--------+--------+--------+--------+-----+--------+

Top non-repeatable levels by time:
     D:1: 1456 daAuts
